 Dungeon Crawl Stone Soup version 0.26.1-11-gd32895ea62 (webtiles) character file.

Game seed: 3677691418315415931

403 Zeld the Changer (level 6, -2/42 HPs)
             Began as an Octopode Transmuter on May 27, 2021.
             Slain by an orc (3 damage)
             ... on level 4 of the Dungeon.
             The game lasted 00:05:01 (5327 turns).

Zeld the Changer (Octopode Transmuter)              Turns: 5327, Time: 00:05:02

Health: -2/42      AC:  1    Str: 11    XL:     6   Next: 86%
Magic:  12/12      EV: 14    Int: 16    God:
Gold:   244        SH:  0    Dex: 12    Spells: 3/13 levels left

rFire    . . .     SeeInvis .     - Unarmed
rCold    . . .     Faith    .   (no shield)
rNeg     . . .     Spirit   .   (helmet currently unavailable)
rPois    .         Reflect  .   (no amulet)
rElec    .         Harm     .   (no ring)
rCorr    .         Rampage  .   (no ring)
Will     .....                  (no ring)
Stlth    ++........             (no ring)
HPRegen  0.14/turn              (no ring)
MPRegen  0.13/turn              (no ring)
                                (no ring)
                                (no ring)

@: brilliant, lethally poisoned (-2 -> -21), appendages (expiring), flying
A: almost no armour, stealthy swim, amphibious, 8 rings, constrict 8, tentacle
spike 3, camouflage 1, gelatinous body 1
a: End Transformation


You were on level 4 of the Dungeon.
One of your tentacles had a temporary spike.
You visited 1 branch of the dungeon, and saw 4 of its levels.

You collected 244 gold pieces.

Inventory:

Scrolls
 a - a scroll of remove curse {unknown}
 c - a scroll of enchant armour {unknown}
 f - 4 scrolls of identify {unknown}
 h - a scroll of fog {unknown}
 j - a scroll of fear {unknown}
 k - 3 scrolls of teleportation {unknown}
Potions
 e - a potion of flight
 g - a potion of attraction {unknown}
 i - a potion of degeneration {unknown}
 l - a potion of heal wounds {unknown}
 m - a potion of lignification {unknown}


   Skills:
 + Level 3.0 Fighting
 + Level 3.2 Dodging
 - Level 3.0 Unarmed Combat
 * Level 4.0 Spellcasting
 * Level 4.3 Transmutations


You had 3 spell levels left.
You knew the following spells:

 Your Spells              Type           Power        Failure   Level
a - Beastly Appendage     Tmut           50%          3%          1
b - Wereblood             Tmut           25%          4%          2
c - Spider Form           Tmut/Pois      7%           21%         3
d - Ice Form              Ice/Tmut       15%          56%         4

Your spell library contained the following spells:

 Spells                   Type           Power        Failure   Level
 Blade Hands              Tmut           12%          63%         5


Dungeon Overview and Level Annotations

Branches:
Dungeon (4/15)
 Temple: D:4-7

Altars:
Elyvilon


Innate Abilities, Weirdness & Mutations

You cannot wear most types of armour.
You are very stealthy in the water. (Stealth+)
You are amphibious.
You can wear up to eight rings at the same time.
You can use your tentacles to constrict eight enemies at once.
Your skin changes colour to match your surroundings (Stealth+).
Your rubbery body absorbs attacks. (AC +1, EV +1)
One of your tentacles bears a large vicious spike.


Message History

The orc is heavily wounded.
* * * LOW HITPOINT WARNING * * *
You feel sick.
The orc hits you with a +2 flail of venom.
* * * LOW HITPOINT WARNING * * *
You are more poisoned.
Unknown command.
It was a potion of flight.
You feel very buoyant.
You fly up into the air.
* * * LOW HITPOINT WARNING * * *
You feel sick. The orc misses you.
It was a potion of magic.
Magic courses through your body.
* * * LOW HITPOINT WARNING * * *
You feel sick. The orc misses you. The orc barely misses you.
It was a potion of brilliance.
You feel clever all of a sudden.
Your transformation is almost over.
* * * LOW HITPOINT WARNING * * *
You feel sick. The orc hits you.
You die...

......##........# ##
................##.##
....................#
.........####......###
.........# #........##
.......#.## #.>........#
.......#....#......#.###
......###......>...#.#
...... ..##.!..@##.##
... .......oo#.## ..
#..........># .
###.....))...... .
#.............. .
...........#....
.##...##...#.... #....
#?... ### ##.## ..##..


You could see 2 orcs.

Vanquished Creatures
  A phantom (D:3)
  A bullfrog skeleton (D:4)
  3 orc priests
  Jessica (D:3)
  A worker ant (D:4)
  4 adders
  3 worms (D:2)
  5 dart slugs
  3 leopard geckos
  17 orcs
  3 giant cockroaches (D:3)
  4 goblins
  8 hobgoblins
  2 quokkas (D:2)
  A ball python (D:4)
  8 bats
  3 frilled lizards
  8 kobolds
  10 rats
86 creatures vanquished.

Notes
Turn   | Place    | Note
-------+----------+-------------------------------------------
     0 | D:1      | Zeld the Octopode Transmuter began the quest for the Orb.
     0 | D:1      | Reached XP level 1. HP: 13/13 MP: 3/3
   306 | D:1      | Reached XP level 2. HP: 18/18 MP: 3/5
   309 | D:1      | Learned a level 2 spell: Wereblood
  1564 | D:2      | Reached XP level 3. HP: 16/23 MP: 4/6
  1572 | D:2      | Found a white marble altar of Elyvilon.
  1579 | D:2      | Learned a level 3 spell: Spider Form
  2436 | D:2      | Reached XP level 4. HP: 29/29 MP: 6/8
  2853 | D:3      | Noticed a phantom
  2869 | D:3      | Killed a phantom
  2870 | D:3      | Reached XP level 5. HP: 27/34 MP: 8/10
  2875 | D:3      | Learned a level 4 spell: Ice Form
  3417 | D:3      | Noticed Jessica
  3429 | D:3      | Killed Jessica
  3797 | D:3      | Reached XP level 6. HP: 40/41 MP: 9/11
  5326 | D:4      | HP: 2/42 [poisoned by an orc]
  5327 | D:4      | Slain by an orc

Illustrated notes

Levels and vault maps discovered:
D:1:      minmay_arrival_arboretum_small, layout_loops_ring,
          chequers_serial_rivers_small_3
D:2:      layout_rooms, elyvilon_altar_4
D:3:      layout_rooms, uniq_jessica
D:4:      layout_cave_pools, kennysheep_mini_moat, minmay_temple_entry_trees

Skill      XL: |  1  2  3  4  5  6 |
---------------+-------------------+-----
Transmutations | 3 4 |  4.3
Fighting       | 2 3 |  3.0
Spellcasting   | 3 4 |  4.0
Dodging        | 3 |  3.2
Unarmed Combat | |  3.0

Action                   |  1- 3 |  4- 6 || total
-------------------------+-------+-------++-------
Melee: Unarmed           |    75 |   129 ||   204
       Constrict         |    26 |    42 ||    68
       Kick              |    21 |    33 ||    54
       Tentacles         |    10 |    18 ||    28
       Punch             |     1 |       ||     1
 Cast: Beastly Appendage |    20 |    26 ||    46
  Use: Potion            |       |     3 ||     3
 Stab: Sleeping          |     1 |       ||     1
Armor: Skin              |     2 |     4 ||     6
Dodge: Dodged            |    56 |    91 ||   147
